 Dungeon Sprint DCSS version 0.24.0-41-g2ae2f7f1be (webtiles) character file.

Game seed: 7508577709743668456, levelgen mode: deterministic

39666 McKennaii the Champion of Chaos (level 13, -13/115 HPs)
             Began as a Demonspawn Fighter on Dec 9, 2019.
             Was the Champion of Makhleb.
             Hit by a large rock thrown by a stone giant (27 damage)
             ... in the Dungeon (Sprint IX: "|||||||||||||||||||||||||||||").
             The game lasted 00:27:21 (6295 turns).

McKennaii the Champion of Chaos (DsFi)              Turns: 6295, Time: 00:27:22

Health: -13/115    AC: 31    Str: 25    XL:     13   Next: 70%
Magic:  26/26      EV: 12    Int: 10    God:    Makhleb [******]
Gold:   1389       SH: 14    Dex: 14    Spells: 12/12 levels left

rFire    + . .     SeeInvis .   p - +2 scimitar (flame)
rCold    . . .     Gourm    .   c - +0 shield
rNeg     . . .     Faith    .   t - +5 shadow dragon scales
rPois    +         Spirit   .   y - +0 helmet
rElec    .         Reflect  .   B - +1 cloak
rCorr    .         Harm     .   a - +0 pair of gloves
MR       +....     NoTele   +   A - +0 pair of boots
Stlth    +++.......             (no amulet)
HPRegen  0.29/turn              C - ring of poison resistance
MPRegen  0.20/turn              E - ring of protection from magic

@: mighty, studying Bows
A: claws 2, molten scales 3, demonic guardian 1, powered by pain 1
a: Minor Destruction, Lesser Servant of Makhleb, Major Destruction, Greater
Servant of Makhleb, Renounce Religion


You were in the Dungeon.
You worshipped Makhleb.
Makhleb was exalted by your worship.
You were hungry.

You visited 1 branch You collected 1929 gold pieces.
You spent 540 gold pieces at shops.

Inventory:

Hand Weapons
 p - a +2 scimitar of flaming (weapon)
 s - a +1 double sword
Armour
 a - a +0 pair of gloves (worn)
 c - a +0 shield (worn)
 t - +5 shadow dragon scales (worn)
 y - a +0 helmet (worn)
 A - a +0 pair of boots (worn)
 B - a +1 cloak (worn)
Jewellery
 r - an uncursed ring of ice
 C - a ring of poison resistance (left hand)
 E - a ring of protection from magic (right hand)
 F - an uncursed ring of protection from magic
Wands
 o - a wand of acid (3)
 x - a wand of disintegration (2)
Scrolls
 k - 5 scrolls of blinking
 m - 4 scrolls of remove curse
 n - 2 scrolls of amnesia
 v - 2 scrolls of fear
 w - 4 scrolls of identify
 D - a scroll of enchant weapon
 K - a scroll of fog
Potions
 b - 2 potions of mutation
 d - 3 potions of might
 e - a potion of invisibility
 h - a potion of haste
 i - 4 potions of magic
 j - 3 potions of berserk rage
 l - 4 potions of curing
 I - a potion of agility
 J - 2 potions of brilliance
Books
 u - a manual of Bows
Comestibles
 f - 10 rations
 g - 3 chunks of flesh


   Skills:
 + Level 15.0 Fighting
 * Level 19.3 Long Blades
 + Level 12.5 Armour
 + Level 6.8 Dodging
 + Level 3.5 Stealth
 + Level 13.3 Shields
 * Level 19.9 Invocations
 + Level 3.7 Evocations


You had 12 spell levels left.
You didn't know any spells.
Your spell library was empty.

Dungeon Overview and Level Annotations

Branches:
Dungeon (1/1)

Altars:
Cheibriados
Dithmenos
Elyvilon
Fedhas
Gozag
Hepliaklqana
Kikubaaqudgha
Makhleb
Nemelex Xobeh
Okawaru
Qazlal
Ru
Sif Muna
Trog
Uskayaw
Vehumet
Wu Jian
Xom
Yredelemnul
Zin
The Shining One
Beogh
Jiyva
Lugonu

Shops:
D ?%((


Innate Abilities, Weirdness & Mutations

You have very sharp fingernails.
You are completely covered in molten scales. (AC +4, rF+)
A weak demonic guardian rushes to your aid.
You sometimes gain a little power by taking damage.


Message History

The battlesphere dissipates.
The stone giant throws a large rock.
The large rock hits your Executioner!!
Your Executioner gestures at the stone giant.
The stone giant resists with almost no effort.
Your Executioner hits the stone giant but does no damage. x2
Your Executioner hits the stone giant.
The stone giant throws a large rock.
The large rock hits your Executioner!!!
Your Executioner dies!
Unknown command.
The stone giant throws a large rock.
The large rock closely misses your ufetubus.
The large rock hits you!!!
* * * LOW HITPOINT WARNING * * *
You focus on the pain.
You feel very mighty all of a sudden.
Unknown command.
The stone giant throws a large rock.
The large rock closely misses your ufetubus.
The large rock hits you!!
You die...

▓▓▓▓▓▓▓▓▓▓▓▓▓▓▓▓▓▓▓▓▓▓▓▓▓▓▓▓
.i..[)C((†(5@..............▓
▓▓▓▓▓▓▓▓▓▓▓▓▓▓▓▓▓▓▓▓▓▓▓▓▓▓▓▓▓▓.▓
...............................▓
▓▓▓▓▓▓♣♣♣♣♣♣♣♣♣♣▓▓▓▓▓▓▓▓▓▓▓▓▓▓▓▓
)().('.()..(...'.........).....▓
▓▓▓▓▓▓♣♣♣♣♣♣♣♣♣♣▓▓▓▓▓▓▓▓▓▓▓▓▓▓.▓
...........%..÷................▓
▓▓▓▓▓▓▓▓▓▓▓▓▓▓▓▓▓▓▓▓▓▓▓▓▓▓▓▓▓▓▓▓
..[[[[..))((.)))..=..'......)..▓


You could see a stone giant and a friendly ufetubus.

Vanquished Creatures
  Kirke (D)
  A frost giant (D)
  Aizul (D)
  2 stone giants (D)
  Azrael (D)
  A spark wasp (D)
  A merfolk javelineer (D)
  2 fire dragons (D)
  Josephine (D)
  A ghost crab (D)
  2 anacondas (D)
  A hydra (D)
  An alligator snapping turtle (D)
  A tengu warrior (D)
  An alligator (D)
  3 orc high priests (D)
  A naga sharpshooter (D)
  A shock serpent (D)
  An unseen horror (D)
  2 sea snakes (D)
  A mana viper (D)
  3 orc knights (D)
  2 wolf spiders (D)
  2 manticores (D)
  A moth of wrath (D)
  Maurice (D)
  2 merfolk sirens (D)
  A naga mage (D)
  3 black mambas (D)
  A spiny frog (D)
  3 komodo dragons (D)
  2 demonic crawlers (D)
  A tengu conjurer (D)
  A hornet (D)
  2 wind drakes (D)
  A bog body (D)
  A jumping spider (D)
  2 slime creatures (D)
  3 hippogriffs (D)
  A tarantella (D)
  5 wraiths (D)
  A hog (D)
  Eustachio (D)
  Grum (D)
  2 basilisks (D)
  A vampire mosquito (D)
  A naga (D)
  3 wargs (D)
  2 hell hounds (D)
  3 water moccasins (D)
  2 porcupines (D)
  11 orc warriors (D)
  2 sky beasts (D)
  6 wolves (D)
  A boggart (D)
  An ogre (D)
  A crocodile (D)
  3 bullfrogs (D)
  A wight (D)
  A jelly (D)
  3 orc priests (D)
  2 orc wizards (D)
  2 worker ants (D)
  A gnoll (D)
  An adder (D)
  A shadow imp (D)
  10 orcs (D)
  A bat skeleton (D)
  2 hobgoblins (D)
  A quokka (D)
  A kobold (D)
  A leopard gecko skeleton (D)
  2 rats (D)
137 creatures vanquished.

Vanquished Creatures (collateral kills)
  A sphinx (D)
  2 fire giants (D)
  A frost giant (D)
  A stone giant (D)
  A fire dragon (D)
  A rakshasa (D)
  A great orb of eyes (D)
  A spriggan air mage (D)
  4 orc high priests (D)
  5 orc knights (D)
  A tengu conjurer (D)
  A redback (D)
  A soldier ant (shapeshifter) (D)
  3 hell hounds (D)
  A bullfrog (D)
  An adder (D)
  A shadow imp (D)
  An adder skeleton (D)
28 creatures vanquished.

Vanquished Creatures (others)
  A hydra (D)
  A hornet (D)
  A spriggan (D)
  3 humans (D)
  2 swamp drakes (D)
8 creatures vanquished.

Grand Total: 173 creatures vanquished

Notes
Turn   | Place    | Note
-------+----------+-------------------------------------------
     0 | D        | McKennaii the Demonspawn Fighter began the quest for the
                  | Orb.
     0 | D        | Reached XP level 1. HP: 18/18 MP: 1/1
    64 | D        | Noticed a worker ant
    67 | D        | Gained mutation: A weak demonic guardian rushes to your
                  | aid. [demonic ancestry]
    67 | D        | Reached XP level 2. HP: 19/24 MP: 2/2
   114 | D        | Reached XP level 3. HP: 11/30 MP: 3/3
   308 | D        | Found a roughly hewn altar of Beogh.
   308 | D        | Found a snail-covered altar of Cheibriados.
   308 | D        | Found a shadowy altar of Dithmenos.
   308 | D        | Found a white marble altar of Elyvilon.
   308 | D        | Found a blossoming altar of Fedhas.
   308 | D        | Found an opulent altar of Gozag.
   309 | D        | Found a hazy altar of Hepliaklqana.
   310 | D        | Found a viscous altar of Jiyva.
   311 | D        | Found an ancient bone altar of Kikubaaqudgha.
   312 | D        | Found a corrupted altar of Lugonu.
   313 | D        | Found a burning altar of Makhleb.
   314 | D        | Found a sparkling altar of Nemelex Xobeh.
   315 | D        | Found an iron altar of Okawaru.
   316 | D        | Found a stormy altar of Qazlal.
   317 | D        | Found a sacrificial altar of Ru.
   318 | D        | Found a shimmering blue altar of Sif Muna.
   319 | D        | Found a bloodstained altar of Trog.
   320 | D        | Found a hide-covered altar of Uskayaw.
   321 | D        | Became a worshipper of Makhleb the Destroyer
   322 | D        | Found a radiant altar of Vehumet.
   323 | D        | Found an ornate altar of the Wu Jian Council.
   324 | D        | Found a shimmering altar of Xom.
   325 | D        | Found a basalt altar of Yredelemnul.
   326 | D        | Found a glowing silver altar of Zin.
   327 | D        | Found a glowing golden altar of the Shining One.
   382 | D        | Noticed a bullfrog
   382 | D        | Noticed an ogre
   389 | D        | Reached XP level 4. HP: 23/38 MP: 4/4
   394 | D        | Reached * piety under Makhleb
   400 | D        | Killed an ogre
   400 | D        | Reached skill level 5 in Fighting
   400 | D        | Reached skill level 1 in Dodging
   400 | D        | Reached skill level 5 in Shields
   400 | D        | Reached XP level 5. HP: 21/44 MP: 5/5
   405 | D        | Reached ** piety under Makhleb
   405 | D        | Reached skill level 5 in Armour
   558 | D        | Noticed a sky beast
   558 | D        | Noticed a tengu warrior
   558 | D        | Noticed an orc warrior
   573 | D        | Killed an orc warrior
   573 | D        | Reached skill level 1 in Stealth
   573 | D        | Gained mutation: You are partially covered in molten
                  | scales. (AC +2) [demonic ancestry]
   573 | D        | Reached XP level 6. HP: 39/52 MP: 6/6
   586 | D        | Killed a tengu warrior
   586 | D        | Reached XP level 7. HP: 43/60 MP: 7/7
   590 | D        | Reached *** piety under Makhleb
   599 | D        | Gained mutation: You sometimes gain a little power by
                  | taking damage. [demonic ancestry]
   599 | D        | Reached XP level 8. HP: 57/68 MP: 8/8
   613 | D        | Killed an unseen horror
   613 | D        | Reached skill level 1 in Evocations
   781 | D        | Noticed a komodo dragon
   781 | D        | Noticed a komodo dragon
   781 | D        | Noticed a hippogriff
   787 | D        | Killed a hippogriff
   811 | D        | Killed a komodo dragon
   811 | D        | Reached **** piety under Makhleb
   830 | D        | Noticed a spiny frog
   832 | D        | Gained mutation: You are mostly covered in molten scales.
                  | (AC +3) [demonic ancestry]
   832 | D        | Reached XP level 9. HP: 48/75 MP: 10/10
   884 | D        | Killed a komodo dragon
   884 | D        | Reached ***** piety under Makhleb
  1117 | D        | Killed a spiny frog
  1169 | D        | Noticed a black mamba
  1180 | D        | Killed a black mamba
  1190 | D        | Noticed a komodo dragon
  1212 | D        | Reached ****** piety under Makhleb
  1216 | D        | Reached skill level 10 in Fighting
  1216 | D        | Gained mutation: You have sharp fingernails. [demonic
                  | ancestry]
  1216 | D        | Reached XP level 10. HP: 69/85 MP: 11/11
  1221 | D        | Reached skill level 15 in Long Blades
  1334 | D        | Noticed Maurice
  1357 | D        | Killed Maurice
  1644 | D        | Noticed an orc knight
  1668 | D        | Killed an orc knight
  2049 | D        | Reached skill level 1 in Invocations
  2223 | D        | Found Idiri's Weapon Boutique.
  2223 | D        | Noticed an orc high priest
  2223 | D        | Noticed an orc high priest
  2223 | D        | Noticed an orc knight
  2223 | D        | Noticed an orc knight
  2223 | D        | Noticed an orc knight
  2247 | D        | Killed an orc knight
  2259 | D        | Noticed a smoke demon
  2264 | D        | Killed an orc knight
  2269 | D        | Killed an orc knight
  2279 | D        | Noticed a rust devil
  2282 | D        | Noticed an orc knight
  2291 | D        | Killed an orc high priest
  2293 | D        | Noticed an orc high priest
  2298 | D        | Killed an orc high priest
  2298 | D        | Gained mutation: You are completely covered in molten
                  | scales. (AC +4, rF+) [demonic ancestry]
  2298 | D        | Reached XP level 11. HP: 29/93 MP: 14/14
  2304 | D        | Killed an orc knight
  2304 | D        | Reached skill level 10 in Armour
  2304 | D        | Reached skill level 5 in Invocations
  2313 | D        | Noticed a sun demon
  2318 | D        | HP: 2/93 [sun demon[an orc high priest] (9)]
  2677 | D        | Killed an orc high priest
  2677 | D        | Reached skill level 10 in Shields
  2703 | D        | Noticed an orc high priest
  2704 | D        | Noticed an orc knight
  2742 | D        | Killed an orc high priest
  2762 | D        | Killed an orc knight
  2817 | D        | Found Teuttim's Antique Weapon Shop.
  2821 | D        | Found Sanistygg's Food Boutique.
  2825 | D        | Found Miap's Magic Scroll Shop.
  2828 | D        | Noticed an orc high priest
  2829 | D        | Noticed an orc knight
  2829 | D        | Noticed an orc high priest
  2830 | D        | Noticed an orc high priest
  2855 | D        | Killed an orc high priest
  3052 | D        | Killed an orc knight
  3173 | D        | Killed an orc high priest
  3199 | D        | Killed an orc high priest
  3199 | D        | Reached skill level 5 in Dodging
  3199 | D        | Reached skill level 10 in Invocations
  3251 | D        | Bought a scroll of enchant armour for 90 gold pieces
  3251 | D        | Bought a scroll of enchant weapon for 90 gold pieces
  3251 | D        | Bought a scroll of blinking for 90 gold pieces
  3251 | D        | Bought a scroll of enchant armour for 90 gold pieces
  3251 | D        | Bought a scroll of blinking for 90 gold pieces
  3251 | D        | Bought a scroll of blinking for 90 gold pieces
  3295 | D        | Noticed Josephine
  3312 | D        | Killed Josephine
  3617 | D        | Got the +8 plate armour "Foagrur" {-Tele rF+++ rN+++ Dex-5}
  3669 | D        | Noticed an orc knight
  3674 | D        | Noticed a fire dragon
  3688 | D        | Noticed a fire dragon
  3696 | D        | Noticed a rakshasa
  3738 | D        | Killed an orc knight
  4159 | D        | Killed a fire dragon
  4223 | D        | Killed a fire dragon
  4226 | D        | Killed a rakshasa
  4326 | D        | Noticed a stone giant
  4344 | D        | Killed a stone giant
  4344 | D        | Gained mutation: You have very sharp fingernails. [demonic
                  | ancestry]
  4344 | D        | Reached XP level 12. HP: 56/103 MP: 22/22
  4372 | D        | Noticed a sphinx
  4390 | D        | Killed a sphinx
  4390 | D        | Reached skill level 15 in Invocations
  4440 | D        | Noticed Aizul
  4487 | D        | HP: 2/103 [Aizul/poison arrow (9)]
  4488 | D        | Killed Aizul
  4771 | D        | Noticed Grum
  4786 | D        | Killed Grum
  4818 | D        | Noticed Kirke
  4851 | D        | Killed Kirke
  4881 | D        | Noticed a ghost crab
  4881 | D        | Noticed a five-headed hydra
  4881 | D        | Noticed an alligator
  4886 | D        | Killed an alligator
  4888 | D        | Killed a three-headed hydra
  4896 | D        | Noticed an eight-headed hydra
  4910 | D        | Killed an eight-headed hydra
  4911 | D        | Killed a ghost crab
  5133 | D        | Noticed an alligator snapping turtle
  5133 | D        | Noticed a merfolk javelineer
  5147 | D        | Killed a merfolk javelineer
  5164 | D        | Killed an alligator snapping turtle
  5365 | D        | Noticed an anaconda
  5365 | D        | Noticed an anaconda
  5381 | D        | Killed an anaconda
  5392 | D        | Killed an anaconda
  5398 | D        | HP: 3/106 [shock serpent (13)]
  5749 | D        | Reached XP level 13. HP: 78/112 MP: 25/25
  6098 | D        | Noticed Eustachio
  6109 | D        | Killed Eustachio
  6122 | D        | Noticed Azrael
  6146 | D        | Killed Azrael
  6216 | D        | Noticed a frost giant
  6216 | D        | Noticed a frost giant
  6216 | D        | Noticed a stone giant
  6216 | D        | Noticed a spark wasp
  6216 | D        | Noticed a fire dragon
  6228 | D        | Noticed a stone giant
  6235 | D        | Killed a fire dragon
  6241 | D        | Noticed a fire giant
  6245 | D        | Noticed a fire giant
  6252 | D        | Killed a spark wasp
  6256 | D        | Killed a stone giant
  6264 | D        | Killed a frost giant
  6271 | D        | Killed a frost giant
  6274 | D        | Killed a stone giant
  6277 | D        | Killed a fire giant
  6279 | D        | Killed a fire giant
  6288 | D        | Noticed a stone giant
  6289 | D        | Reached skill level 15 in Fighting
  6295 | D        | Hit by a large rock thrown by a stone giant

Levels and vault maps discovered:
D:        linesprint [early_d, line_temple, items_1, d_10, items_2, lair_1,
          lair_end, items_3, orc_1, orc_end, items_4, d_15, swamp_1, shoals_1,
          snake_1, spider_1, d_20, vaults_1, items_5, swamp_end, shoals_end,
          snake_end, spider_end, vaults_end, d_27, items_6, zot_1, zot_end,
          crypt_end, forest_end, elf_end, slime_end, tomb_end, abyss_end,
          pan_hell_end]

Skill      XL: |  1  2  3  4  5  6  7  8  9 10 11 12 13 |
---------------+----------------------------------------+-----
Long Blades    | 2 3 4 6 8 11 13 14 16 17 18 19 | 19.3
Armour         | 3 4 5 6 7 8 9 11 12 | 12.5
Shields        | 3 4 5 6 7 8 9 10 12 13 | 13.3
Fighting       | 4 5 6 7 8 10 11 12 13 15 | 15.0
Dodging        | 1 2 3 4 5 6 |  6.8
Stealth        | 1 2 3 |  3.5
Evocations     | 1 2 3 |  3.7
Invocations    | 4 14 17 19 | 19.9

Action                   |  1- 3 |  4- 6 |  7- 9 | 10-12 | 13-15 || total
-------------------------+-------+-------+-------+-------+-------++-------
Melee: Long sword        |    36 |       |       |       |       ||    36
       Scimitar          |     3 |    24 |    95 |   508 |   152 ||   782
Invok: Lesser Servant of |       |       |       |    24 |       ||    24
       Minor Destruction |       |       |       |     4 |       ||     4
       Greater Servant o |       |       |       |     4 |     3 ||     7
Evoke: Wand              |       |     2 |     2 |     6 |       ||    10
  Use: Potion            |     1 |       |       |     5 |       ||     6
       Scroll            |       |       |       |     6 |       ||     6
 Stab: Distracted        |       |       |       |     1 |       ||     1
  Eat: Chunk             |       |       |     1 |    10 |     3 ||    14
       Ration            |       |       |       |     1 |       ||     1
Armor: Scale mail        |    13 |       |       |       |       ||    13
       Chain mail        |       |    15 |    44 |    29 |       ||    88
       Shadow dragon sca |       |       |       |   149 |    71 ||   220
       Plate armour      |       |       |       |     8 |       ||     8
Dodge: Dodged            |    13 |     7 |    20 |   106 |    57 ||   203
Block: Shield            |    13 |    10 |    31 |   178 |    79 ||   311
       Rpst.: Long sword |     5 |       |       |       |       ||     5
       Scimitar          |       |     3 |     2 |    29 |    12 ||    46
